 Dungeon Crawl Stone Soup version 0.20.0-4-g10b340a (webtiles) character file.

25499 ghjk the Severer (level 12, -6/110 HPs)
             Began as a Minotaur Fighter on May 27, 2017.
             Was a High Priest of Okawaru.
             Drowned by a drowned soul (12 damage)
             ... summoned by a merfolk avatar
             ... on level 6 of the Lair of Beasts.
             The game lasted 00:18:19 (11889 turns).

ghjk the Severer (Minotaur Fighter)                Turns: 11889, Time: 00:18:20

Health: -6/110     AC: 22    Str: 32    XL:     12   Next: 90%
Magic:  11/11      EV:  9    Int:  5    God:    Okawaru [*****.]
Gold:   1036       SH: 17    Dex: 12    Spells: 11/11 levels left

rFire    . . .     SeeInvis .   V - +0 whip
rCold    . . .     Gourm    .   c - +0 shield
rNeg     + . .     Faith    .   h - +0 plate armour
rPois    .         Spirit   .   S - +2 hat {MR+}
rElec    .         Reflect  +   (no cloak)
rCorr    .         Harm     .   k - +2 pair of gloves
MR       +....                  M - +0 pair of boots
Stlth    ..........             n - +4 amulet of reflection
Regen    0.3/turn               e - ring of positive energy
MPRegen  0.2/turn               F - +3 ring of strength

@: mighty, mesmerised, very slow
A: retaliatory headbutt, horns 2
a: Heroism, Finesse, Renounce Religion


You were on level 6 of the Lair of Beasts.
You worshipped Okawaru.
Okawaru was extremely pleased with you.
You were not hungry.

You visited 3 branches of the dungeon, and saw 16 of its levels.

You collected 1036 gold pieces.

Inventory:

Hand Weapons
 a - a +1 war axe of electrocution
 b - a +0 battleaxe of chaos
 m - a +4 executioner's axe of chopping
 u - the +2 hunting sling of Okawaru's Regard {velocity, *Drain rPois Dex+4 Stlth+, unknown}
   (Okawaru gifted it to you on level 5 of the Lair of Beasts)

   Any stone fired from it inflicts extra damage.
   It affects your dexterity (+4).
   It protects you from poison.
   It causes draining when unequipped.
   It makes you more stealthy.
 V - a +0 whip (weapon)
Armour
 c - a +0 shield (worn)
 h - a +0 plate armour (worn)
 k - a +2 pair of gloves (worn)
 M - a +0 pair of boots (worn)
 S - a +2 hat of magic resistance (worn)
Jewellery
 e - a ring of positive energy (left hand)
 n - a +4 amulet of reflection (around neck)
 p - an uncursed ring of stealth
 z - an uncursed ring of ice
 F - a +3 ring of strength (right hand)
 H - a +2 ring of dexterity {unknown}
 O - an uncursed amulet of magic regeneration
 W - a +2 ring of slaying {unknown}
 Y - an uncursed ring of wizardry {unknown}
Wands
 q - a wand of confusion (32/48)
 y - a wand of flame (14/48)
 A - a wand of acid (9/15)
 D - a wand of confusion (24/48)
 I - a wand of flame (20/48)
 J - a wand of paralysis (24/24)
 N - a wand of flame (30/48)
 Q - a wand of lightning (5/15)
 R - a wand of polymorph (10/24)
 X - a wand of paralysis (8/24)
Scrolls
 i - 3 scrolls of amnesia
 j - a scroll of recharging
 s - 4 scrolls of magic mapping
 t - 15 scrolls of remove curse
 w - 2 scrolls of enchant weapon
 P - a scroll of enchant armour
 T - a scroll of fog
Potions
 d - 2 potions of might
 g - 2 potions of berserk rage
 o - a potion of brilliance
 r - a potion of mutation
 v - 2 potions of heal wounds
 x - 2 potions of invisibility
 B - a potion of cancellation
 E - 5 potions of flight
 G - a potion of magic
 K - 5 potions of curing
 L - 2 potions of lignification
 Z - a potion of agility
Comestibles
 f - 8 bread rations
 l - 4 royal jellies
 C - 3 meat rations
 U - 3 chunks of flesh


   Skills:
 + Level 11.0 Fighting
 * Level 17.7(17.8) Axes
 + Level 3.4(12.4) Maces & Flails
 + Level 11.2 Armour
 + Level 3.3 Dodging
 - Level 9.7 Shields


You had 11 spell levels left.
You didn't know any spells.

Dungeon Overview and Level Annotations

Branches:
Dungeon (9/15)             Temple (1/1) D:6            Lair (6/6) D:9
  Swamp (0/4) Lair:2        Slime (0/5) Lair:6
  Snake: Lair:2-4    Spider: Lair:2-4       Orc: D:9-12

Altars:
Ashenzari
Cheibriados
Dithmenos
Elyvilon
Fedhas
Gozag
Hepliaklqana
Kikubaaqudgha
Makhleb
Nemelex Xobeh
Okawaru
Qazlal
Ru
Sif Muna
Trog
Uskayaw
Vehumet
Xom
Yredelemnul
Zin
The Shining One

Portals:
Ossuary: D:8


Innate Abilities, Weirdness & Mutations

You reflexively headbutt those who attack you in melee.
You have a pair of horns on your head.


Message History

You block the eight-headed hydra's attack.
Unknown command.
You whack the eight-headed hydra!
The eight-headed hydra is heavily wounded.
You block the drowned soul's attack.
The merfolk avatar chants its luring song.
Unknown command.
Unknown command.
Your unstable footing causes you to fumble your attack.
You block the eight-headed hydra's attack. x2
The eight-headed hydra bites you!
* * * LOW HITPOINT WARNING * * *
The eight-headed hydra bites you.
* * * LOW HITPOINT WARNING * * *
You block the eight-headed hydra's attack.
The eight-headed hydra bites you but does no damage. x2
The eight-headed hydra bites you!
* * * LOW HITPOINT WARNING * * *
The drowned soul touches you. The drowned soul drowns you!
You die...

..≈≈≈≈≈≈P≈≈ ≈≈≈ ≈≈≈≈≈≈.....
..≈P≈≈≈≈ ≈≈≈≈≈≈..... .≈##≈.#
###############.≈##..... ..# ≈#≈≈
#≈≈≈≈≈≈≈≈≈≈#8≈≈#≈#.≈.... ..≈≈ ≈≈≈
#≈≈≈≈≈≈≈≈≈≈#≈≈≈≈≈≈≈≈.... .≈≈≈
#≈≈≈≈≈≈≈≈≈≈#≈≈≈≈≈≈≈..... ..##
#≈≈≈≈≈≈≈≈≈≈#≈PP≈≈##..... .≈#
≈≈≈≈!?$(≈≈≈#≈≈≈#≈.#..... ..≈≈
≈≈≈≈:≈m@D≈≈#≈≈≈≈≈≈≈≈.... .P≈≈
≈≈≈≈$≈W|≈≈≈#P≈≈≈≈≈≈..... .≈##
≈P≈≈=!/?≈#≈.P≈≈#≈##≈....
#≈≈≈≈≈≈≈≈≈≈#≈≈≈≈≈#...... .≈≈≈≈#
#≈≈≈≈≈≈≈≈≈≈#≈≈≈≈≈P≈≈.... ..≈≈P≈
#≈≈≈≈≈≈#≈≈≈#≈≈≈≈≈≈≈..... ...#P#
#8≈≈≈≈≈≈≈≈8#8≈≈#≈##.....
.≈.#≈###########.#######.≈.#....:
.≈≈≈≈≈≈P≈≈≈≈≈≈≈≈P≈≈≈≈≈≈ ≈≈≈≈≈....


You could see a merfolk avatar, an eight-headed hydra and a drowned soul.

Vanquished Creatures
  Josephine (Lair:6)
  2 hydras
  A harpy (Lair:6)
  A manticore (Lair:6)
  A slime creature (Lair:6)
  3 elephants (Lair:6)
  2 black mambas
  A torpor snail (Lair:5)
  11 spiny frogs
  3 rime drakes (Lair:6)
  7 komodo dragons
  Grinder (D:3)
  4 polar bears (Lair:6)
  2 wind drakes (Lair:6)
  A troll (D:9)
  4 dream sheep (Lair:5)
  5 hippogriffs
  A wyvern (Lair:6)
  16 yaks
  Grum (D:9)
  3 wraiths (Lair:6)
  2 basilisks
  4 swamp worms (Lair:2)
  10 water moccasins
  7 porcupines
  A black bear (D:9)
  A sky beast (D:7)
  An eye of draining (D:9)
  An ogre (D:7)
  3 orc warriors
  2 phantoms
  7 centaurs
  10 wolves
  13 crocodiles
  5 bullfrogs
  2 scorpions
  A water moccasin skeleton (D:5)
  12 killer bees
  2 vampire bats (Lair:3)
  An electric eel (Lair:2)
  2 bullfrog zombies (D:7)
  A crimson imp (D:5)
  A quasit (D:7)
  5 hounds
  5 jellies
  A centaur zombie (D:8)
  A bullfrog skeleton (D:6)
  2 orc priests
  Terence (D:3)
  5 iguanas
  Natasha (thrice) (D:2)
  5 orc wizards
  7 worker ants
  A hound zombie (D:9)
  A worker ant zombie (D:9)
  4 gnolls (D:9)
  11 adders
  2 howler monkey skeletons
  2 shadow imps
  An ooze (D:5)
  An adder zombie (D:9)
  A worm (D:5)
  A dart slug (D:1)
  4 leopard geckos
  14 orcs
  2 ball pythons
  3 giant cockroaches
  7 goblins
  4 hobgoblins
  8 jackals
  7 kobolds
  3 quokkas
  12 bats
  4 frilled lizards
  A leopard gecko skeleton (D:7)
  2 leopard gecko zombies
  A quokka skeleton (D:7)
  3 rats
  4 fungi
299 creatures vanquished.

Vanquished Creatures (others)
  2 centaurs
  3 fungi
  5 plants
10 creatures vanquished.

Grand Total: 309 creatures vanquished

Notes
Turn   | Place    | Note
-------+----------+-------------------------------------------
     0 | D:1      | ghjk the Minotaur Fighter began the quest for the Orb.
     0 | D:1      | Reached XP level 1. HP: 19/19 MP: 0/0
   121 | D:1      | Reached XP level 2. HP: 27/27 MP: 1/1
   225 | D:1      | Reached skill level 3 in Axes
   580 | D:2      | Reached XP level 3. HP: 33/33 MP: 2/2
   942 | D:2      | Noticed Natasha
   949 | D:2      | Killed Natasha
   949 | D:2      | Reached skill level 4 in Axes
   949 | D:2      | Reached XP level 4. HP: 30/40 MP: 3/3
  1110 | D:2      | Noticed Natasha
  1115 | D:2      | Killed Natasha
  1128 | D:2      | Noticed Natasha
  1134 | D:2      | Killed Natasha
  1268 | D:3      | Reached XP level 5. HP: 40/46 MP: 4/4
  1314 | D:3      | Reached skill level 5 in Axes
  1456 | D:3      | Noticed Grinder
  1464 | D:3      | Killed Grinder
  1464 | D:3      | Reached skill level 6 in Axes
  1464 | D:3      | Reached skill level 5 in Shields
  1464 | D:3      | Reached XP level 6. HP: 33/52 MP: 5/5
  1492 | D:3      | Noticed Terence
  1495 | D:3      | Killed Terence
  1984 | D:4      | Reached skill level 7 in Axes
  1984 | D:4      | Reached skill level 5 in Armour
  1985 | D:4      | Reached XP level 7. HP: 42/59 MP: 6/6
  2156 | D:4      | Reached skill level 1 in Dodging
  2572 | D:5      | Entered Level 5 of the Dungeon
  2632 | D:5      | Found a radiant altar of Vehumet.
  2746 | D:5      | Reached skill level 8 in Axes
  3031 | D:6      | Found a staircase to the Ecumenical Temple.
  3037 | D:6      | Reached XP level 8. HP: 46/67 MP: 7/7
  3044 | Temple   | Entered the Ecumenical Temple
  3306 | Temple   | Became a worshipper of Warmaster Okawaru
  3519 | D:6      | Reached skill level 9 in Axes
  3919 | D:7      | Noticed a hippogriff
  4001 | D:7      | Reached skill level 5 in Fighting
  4219 | D:7      | Reached skill level 10 in Axes
  4226 | D:7      | Reached * piety under Okawaru
  4607 | D:7      | Reached XP level 9. HP: 74/74 MP: 8/8
  4985 | D:7      | Reached ** piety under Okawaru
  4985 | D:7      | Reached skill level 11 in Axes
  5054 | D:7      | Found a glowing golden altar of the Shining One.
  5139 | D:8      | Found a sand-covered staircase.
  5724 | D:9      | Reached skill level 12 in Axes
  5728 | D:9      | Reached *** piety under Okawaru
  5847 | D:9      | Reached XP level 10. HP: 79/83 MP: 0/9
  6080 | D:9      | Reached skill level 13 in Axes
  6102 | D:9      | Noticed Grum
  6113 | D:9      | Killed Grum
  6174 | D:9      | Reached **** piety under Okawaru
  6640 | D:9      | Found a staircase to the Lair.
  6648 | Lair:1   | Entered Level 1 of the Lair of Beasts
  6678 | Lair:1   | Reached skill level 14 in Axes
  7214 | Lair:2   | Noticed a spiny frog
  7219 | Lair:2   | Noticed a spiny frog
  7220 | Lair:2   | Noticed a spiny frog
  7221 | Lair:2   | Killed a spiny frog
  7227 | Lair:2   | Killed a spiny frog
  7228 | Lair:2   | Killed a spiny frog
  7228 | Lair:2   | Reached ***** piety under Okawaru
  7228 | Lair:2   | Reached XP level 11. HP: 92/92 MP: 10/10
  7359 | Lair:2   | Noticed an eight-headed hydra
  7385 | Lair:3   | Received a gift from Okawaru
  7983 | Lair:3   | Reached skill level 15 in Axes
  8500 | Lair:2   | Killed an eight-headed hydra
  8500 | Lair:2   | Reached skill level 1 in Maces & Flails
  9184 | Lair:2   | Found a staircase to the Swamp.
  9491 | Lair:4   | You fall through a shaft!
  9491 | Lair:5   | Noticed an eight-headed hydra
  9878 | Lair:5   | Reached skill level 16 in Axes
 10066 | Lair:5   | Killed an eight-headed hydra
 10191 | Lair:5   | Received a gift from Okawaru
 10199 | Lair:5   | Got an iridescent hunting sling {god gift}
 10427 | Lair:5   | Reached XP level 12. HP: 100/104 MP: 11/11
 10781 | Lair:6   | Entered Level 6 of the Lair of Beasts
 10802 | Lair:6   | Reached skill level 10 in Armour
 11250 | Lair:6   | Reached skill level 10 in Fighting
 11252 | Lair:6   | Received a gift from Okawaru
 11266 | Lair:6   | Reached skill level 17 in Axes
 11332 | Lair:6   | Found a staircase to the Slime Pits.
 11686 | Lair:6   | Noticed Josephine
 11698 | Lair:6   | Killed Josephine
 11698 | Lair:6   | Received a gift from Okawaru
 11855 | Lair:6   | Noticed a merfolk avatar
 11856 | Lair:6   | Noticed an eight-headed hydra
 11874 | Lair:6   | HP: 5/110 [drowned by a drowned soul[a merfolk avatar] (12)]
 11889 | Lair:6   | Drowned by a drowned soul

Skill      XL: |  1  2  3  4  5  6  7  8  9 10 11 12 |
---------------+-------------------------------------+-----
Shields        | 4 5 6 7 9 |  9.7
Axes           | 3 4 6 7 8 10 12 14 16 17 | 17.7
Armour         | 4 5 6 7 9 11 | 11.2
Fighting       | 4 5 7 9 11 | 11.0
Dodging        | 1 2 3 |  3.3
Maces & Flails | 2 3 |  3.4

Action                   |  1- 3 |  4- 6 |  7- 9 | 10-12 || total
-------------------------+-------+-------+-------+-------++-------
Melee: War axe           |    66 |    89 |   323 |   485 ||   963
       Headbutt          |     7 |    12 |    72 |   118 ||   209
       Whip              |       |       |       |    42 ||    42
Invok: Heroism           |       |       |       |     3 ||     3
  Use: Scroll            |     3 |     1 |    13 |    11 ||    28
       Potion            |       |       |     1 |     6 ||     7
  Eat: Chunk             |       |     1 |     9 |    17 ||    27
       Royal jelly       |       |     1 |     1 |     1 ||     3
       Fruit             |       |       |     2 |     1 ||     3
Armor: Scale mail        |    38 |    26 |    68 |       ||   132
       Plate armour      |       |       |    39 |   236 ||   275
Dodge: Dodged            |    32 |    20 |    72 |   134 ||   258
Block: Shield            |    56 |    55 |   233 |   432 ||   776
       Reflection        |       |       |    18 |     3 ||    21
